[Event "1000GM Spring Break Schev-D 2024"]
[Site "San Jose"]
[Date "2024.04.02"]
[Round "1.1"]
[White "Zhuge, Katherine"]
[Black "Varela Velazquez, Carlos Francisco"]
[Result "0-1"]
[ECO "C88"]
[WhiteElo "1798"]
[BlackElo "2113"]
[Annotator "RC"]
[PlyCount "102"]
[EventDate "2024.03.28"]
[EventType "schev"]
[EventCountry "USA"]
[SourceTitle "playchess.com"]
[Source "ChessBase"]
[SourceQuality "1"]
[TimeControl "5400+30"]

1. e4 e5 2. Nf3 Nc6 3. Bb5 a6 4. Ba4 Nf6 5. O-O Be7 6. Re1 b5 7. Bb3 O-O 8. a4 b4 9. d3 d6 10. Nbd2 Na5 11. Ba2 c5 12. c3 Rb8 13. Nf1 bxc3 14. bxc3 Be6 15. Bxe6 fxe6 16. Ng3 h6 17. h3 Nb3 18. Rb1 Nxc1 19. Qxc1 Nd7 20. Qc2 Qa5 21. d4 c4 22. Nd2 Rxb1 23. Rxb1 Nb6 24. Ne2 Rc8 25. Ra1 Nd7 26. Qb2 Rb8 27. Qa2 d5 28. dxe5 Nxe5 29. Rb1 Rxb1+ 30. Qxb1 Nd3 31. exd5 exd5 32. Qb7 Bf6 33. Qc8+ Qd8 34. Qxd8+ Bxd8 35. Nf3 Kf7 36. Nfd4 Bb6 37. g3 Kf6 38. Kg2 g5 39. Kf3 Nc5 40. Nc6 Nxa4 41. Nb4 Ke5 42. Nxa6 Ba5 43. Nb4 Bxb4 44. cxb4 d4 45. Nc1 Nc3 46. Ne2 Nd5 47. b5 d3 48. Ng1 Kd4 49. h4 gxh4 50. gxh4 c3 51. h5 c2 0-1

[Event "1000GM Spring Break Schev-D 2024"]
[Site "San Jose"]
[Date "2024.04.02"]
[Round "1.3"]
[White "Stevens, Adam B"]
[Black "Dominguez Aguilar, Guillermo"]
[Result "0-1"]
[ECO "B38"]
[WhiteElo "1969"]
[BlackElo "2284"]
[Annotator "RC"]
[PlyCount "88"]
[EventDate "2024.03.28"]
[EventType "schev"]
[EventCountry "USA"]
[SourceTitle "playchess.com"]
[Source "ChessBase"]
[SourceQuality "1"]
[TimeControl "5400+30"]

1. d4 d6 2. Nf3 g6 3. c4 Bg7 4. e4 Nf6 5. Nc3 O-O 6. Be2 c5 7. h3 cxd4 8. Nxd4 Nc6 9. Be3 Bd7 10. O-O Nxd4 11. Bxd4 Bc6 12. Qd3 a5 13. Rfd1 Nd7 14. Bxg7 Kxg7 15. Qd4+ f6 16. f4 e5 17. Qxd6 Qb6+ 18. Kh2 Qxb2 19. Rac1 exf4 20. Qxf4 Ne5 21. Qd2 Qxd2 22. Rxd2 a4 23. a3 Ra5 24. Rb1 Nd7 25. Bd1 Nc5 26. Bc2 Re8 27. Rb4 h5 28. Rd4 Re5 29. Kg1 h4 30. Kf2 Ra8 31. Kg1 Rg5 32. Bd1 Rg3 33. Bf3 Ne6 34. Rd1 Ng5 35. Ne2 Nxf3+ 36. Kf2 Ng5 37. Nxg3 hxg3+ 38. Kxg3 Nxe4+ 39. Kh2 Re8 40. Rb2 Nc5 41. Rd4 Re3 42. Ra2 f5 43. g4 Ne6 44. Rd6 Ng5 0-1

[Event "1000GM Spring Break Schev-D 2024"]
[Site "San Jose"]
[Date "2024.04.02"]
[Round "1.4"]
[White "Solis Castro, Angel Alejan"]
[Black "Jin, Austin"]
[Result "1-0"]
[ECO "C00"]
[WhiteElo "2071"]
[BlackElo "1950"]
[Annotator "RC"]
[PlyCount "79"]
[EventDate "2024.03.28"]
[EventType "schev"]
[EventCountry "USA"]
[SourceTitle "playchess.com"]
[Source "ChessBase"]
[SourceQuality "1"]
[TimeControl "5400+30"]

1. Nf3 d5 2. g3 Nf6 3. Bg2 e6 4. O-O Be7 5. d3 O-O 6. Nbd2 c5 7. e4 Nc6 8. Re1 Qc7 9. c3 d4 10. e5 dxc3 11. bxc3 Nd5 12. Qc2 Rd8 13. a3 h6 14. Bb2 Bf8 15. Ne4 Nde7 16. d4 Ng6 17. h4 cxd4 18. cxd4 Be7 19. h5 Nf8 20. g4 Nh7 21. Bc1 Qd7 22. Be3 Qe8 23. Rad1 f6 24. exf6 Nxf6 25. Nxf6+ Bxf6 26. Ne5 Nxe5 27. dxe5 Rxd1 28. Qxd1 Be7 29. Qd3 Qa4 30. Qg6 Bf8 31. Bxh6 Qa5 32. Re3 Bd7 33. Be4 Bc6 34. Qh7+ Kf7 35. Rf3+ Ke7 36. Bg5+ Kd7 37. Rf7+ Ke8 38. Rxf8+ Kxf8 39. Qh8+ Kf7 40. Bg6# 1-0

[Event "1000GM Spring Break Schev-D 2024"]
[Site "San Jose"]
[Date "2024.04.02"]
[Round "1.5"]
[White "Gongora Montes, Benjamin"]
[Black "Karthi, Jashith"]
[Result "0-1"]
[ECO "D05"]
[WhiteElo "2106"]
[BlackElo "2039"]
[Annotator "RC"]
[PlyCount "58"]
[EventDate "2024.03.28"]
[EventType "schev"]
[EventCountry "USA"]
[SourceTitle "playchess.com"]
[Source "ChessBase"]
[SourceQuality "1"]
[TimeControl "5400+30"]

1. d4 d5 2. Nf3 Nf6 3. Nbd2 e6 4. e3 Bd6 5. Bd3 b6 6. b3 Bb7 7. Bb2 O-O 8. Ne5 Nbd7 9. Qf3 c5 10. Qh3 h6 11. Rd1 Qc7 12. f4 Ne4 13. Bxe4 dxe4 14. Nxd7 Qxd7 15. dxc5 Bxc5 16. Nxe4 Qe7 17. Nxc5 Qxc5 18. Qg3 f6 19. Qf2 Qa5+ 20. Qd2 Qxa2 21. Bd4 Rac8 22. Rc1 Rfd8 23. Qf2 e5 24. Ba1 Qa3 25. O-O exf4 26. exf4 Qc5 27. c4 Rd2 28. Qxc5 Rxg2+ 29. Kh1 Rxc5 0-1

[Event "1000GM Spring Break Schev-D 2024"]
[Site "San Jose"]
[Date "2024.04.03"]
[Round "2.1"]
[White "Rodi, Luis Ernesto"]
[Black "Zhuge, Katherine"]
[Result "1-0"]
[ECO "B10"]
[WhiteElo "2211"]
[BlackElo "1778"]
[Annotator "RC"]
[PlyCount "107"]
[EventDate "2024.03.28"]
[EventType "schev"]
[EventCountry "USA"]
[SourceTitle "playchess.com"]
[Source "ChessBase"]
[SourceQuality "1"]
[TimeControl "5400+30"]

1. e4 c6 2. Nf3 d5 3. exd5 cxd5 4. Ne5 Nf6 5. d4 e6 6. Bb5+ Bd7 7. Nxd7 Nbxd7 8. c3 a6 9. Bd3 Bd6 10. Bg5 Rc8 11. a4 Qc7 12. Bh4 h6 13. Bg3 Bxg3 14. hxg3 Nb6 15. b3 Nbd7 16. Ra2 Rb8 17. Qe2 Nb6 18. Rc2 Nc8 19. Nd2 Nd6 20. g4 O-O 21. g5 hxg5 22. Qe5 Rfd8 23. Qxg5 b5 24. axb5 axb5 25. Qh4 Kf8 26. Qg3 Ke7 27. Nf3 Ra8 28. O-O Ra3 29. Nd2 Rg8 30. Re1 g5 31. Qe5 g4 32. g3 Rh8 33. Qe2 Qd7 34. Rcc1 Qc6 35. Kg2 Raa8 36. Rh1 Rxh1 37. Kxh1 Rh8+ 38. Kg2 Rh6 39. Nf1 Rh8 40. Ne3 Rg8 41. Kg1 Rg7 42. Bf5 Nde4 43. Bxg4 Nxg4 44. Nxg4 Nxc3 45. Qf3 Ne2+ 46. Kg2 Qxc1 47. Qf6+ Ke8 48. Qxg7 Qg1+ 49. Kf3 Qd1 50. Nf6+ Ke7 51. Nxd5+ Kd7 52. Qxf7+ Kd6 53. Qc7+ Kxd5 54. Qd7# 1-0

[Event "1000GM Spring Break Schev-D 2024"]
[Site "San Jose"]
[Date "2024.04.03"]
[Round "2.3"]
[White "Solis Castro, Angel Alejan"]
[Black "Stevens, Adam B"]
[Result "1-0"]
[ECO "A06"]
[WhiteElo "2066"]
[BlackElo "1941"]
[Annotator "RC"]
[PlyCount "75"]
[EventDate "2024.03.28"]
[EventType "schev"]
[EventCountry "USA"]
[SourceTitle "playchess.com"]
[Source "ChessBase"]
[SourceQuality "1"]
[TimeControl "5400+30"]

1. Nf3 d5 2. g3 Nf6 3. Bg2 e6 4. O-O Be7 5. d3 O-O 6. Nbd2 c5 7. b3 Nc6 8. Bb2 Qc7 9. e3 e5 10. a3 Bf5 11. Qe2 d4 12. c3 dxc3 13. Bxc3 Rad8 14. e4 Bg4 15. h3 Bxf3 16. Nxf3 Rd7 17. Rfd1 Rfd8 18. Bf1 Ne8 19. Qb2 f6 20. b4 c4 21. Qa2 Nd6 22. Nd2 Kh8 23. Nxc4 Nxe4 24. Bb2 Nxg3 25. fxg3 e4 26. Kh2 exd3 27. Nd2 f5 28. Qc4 b5 29. Qf4 Bd6 30. Qf3 Ne5 31. Bxe5 Bxe5 32. Rac1 Qd6 33. Nb3 f4 34. g4 Qe6 35. Nc5 Qa2+ 36. Kh1 Re7 37. Rxd3 Rxd3 38. Qa8+ 1-0

[Event "1000GM Spring Break Schev-D 2024"]
[Site "San Jose"]
[Date "2024.04.03"]
[Round "2.4"]
[White "Jin, Austin"]
[Black "Gongora Montes, Benjamin"]
[Result "1/2-1/2"]
[ECO "C02"]
[WhiteElo "1966"]
[BlackElo "2092"]
[Annotator "RC"]
[PlyCount "69"]
[EventDate "2024.03.28"]
[EventType "schev"]
[EventCountry "USA"]
[SourceTitle "playchess.com"]
[Source "ChessBase"]
[SourceQuality "1"]
[TimeControl "5400+30"]

1. e4 e6 2. d4 d5 3. e5 c5 4. c3 Bd7 5. Nf3 Qb6 6. Bd3 cxd4 7. Nxd4 Nc6 8. Nxc6 bxc6 9. O-O Ne7 10. Qe2 Rb8 11. Nd2 Nf5 12. Nf3 Be7 13. b3 a5 14. Bf4 Rb7 15. Rfd1 Nh4 16. Nd2 g5 17. Be3 Qc7 18. Qh5 h6 19. g3 Nf5 20. Bxf5 exf5 21. Nf3 f4 22. Bd4 Be6 23. c4 Qc8 24. h3 g4 25. cxd5 Bxd5 26. e6 Rf8 27. Bg7 Bxf3 28. Bxf8 Bxf8 29. Re1 Re7 30. exf7+ Kd8 31. Qxa5+ Qc7 32. Qa8+ Qc8 33. Qa5+ Qc7 34. Qa8+ Qc8 35. Qa5+ 1/2-1/2

[Event "1000GM Spring Break Schev-D 2024"]
[Site "San Jose"]
[Date "2024.04.03"]
[Round "2.5"]
[White "Karthi, Jashith"]
[Black "Varela Velazquez, Carlos Francisco"]
[Result "1/2-1/2"]
[ECO "D36"]
[WhiteElo "2075"]
[BlackElo "2084"]
[Annotator "RC"]
[PlyCount "40"]
[EventDate "2024.03.28"]
[EventType "schev"]
[EventCountry "USA"]
[SourceTitle "playchess.com"]
[Source "ChessBase"]
[SourceQuality "1"]
[TimeControl "5400+30"]

1. d4 Nf6 2. c4 e6 3. Nf3 d5 4. Nc3 c6 5. cxd5 exd5 6. Qc2 g6 7. Bg5 Be7 8. e3 Bf5 9. Bd3 Bxd3 10. Qxd3 Nbd7 11. Bh6 Bf8 12. Bxf8 Kxf8 13. O-O Qe7 14. b4 a6 15. Rab1 Ne4 16. Nd2 Nxd2 17. Qxd2 Kg7 18. a4 Nb6 19. a5 Nc4 20. Qd3 f5 1/2-1/2

[Event "1000GM Spring Break Schev-D 2024"]
[Site "San Jose"]
[Date "2024.04.03"]
[Round "3.1"]
[White "Zhuge, Katherine"]
[Black "Dominguez Aguilar, Guillermo"]
[Result "0-1"]
[ECO "B38"]
[WhiteElo "1778"]
[BlackElo "2285"]
[Annotator "RC"]
[PlyCount "114"]
[EventDate "2024.03.28"]
[EventType "schev"]
[EventCountry "USA"]
[SourceTitle "playchess.com"]
[Source "ChessBase"]
[SourceQuality "1"]
[TimeControl "5400+30"]

1. e4 c5 2. Nf3 Nc6 3. c4 g6 4. d4 cxd4 5. Nxd4 Bg7 6. Be3 Nf6 7. Nc3 d6 8. f3 O-O 9. Qd2 Ne5 10. Be2 Bd7 11. O-O Rc8 12. b3 a6 13. Rfc1 Re8 14. Rab1 h5 15. Bf1 e6 16. Kh1 Qe7 17. Nd1 d5 18. exd5 exd5 19. Bg5 Qd6 20. Ne3 dxc4 21. bxc4 Neg4 22. Nxg4 hxg4 23. Bf4 Qc5 24. Nb3 Qh5 25. fxg4 Bxg4 26. Re1 Ne4 27. Qc2 Qf5 28. Bd3 Qxf4 29. Rxe4 Rxe4 30. Bxe4 Be5 31. g3 Bf3+ 32. Bxf3 Qxf3+ 33. Qg2 Qxg2+ 34. Kxg2 Rxc4 35. Na5 Rc2+ 36. Kh3 b5 37. Rb3 Rxa2 38. Nc6 Bd6 39. Rd3 Bc5 40. Rd8+ Kg7 41. Ra8 f5 42. Nb8 a5 43. Nc6 a4 44. Rb8 Rb2 45. Nd8 Bg1 46. g4 Kf6 47. Rb7 f4 48. Rf7+ Ke5 49. g5 Rxh2+ 50. Kg4 Rg2+ 51. Kf3 Rg3+ 52. Ke2 Rxg5 53. Rb7 Ke4 54. Re7+ Re5 55. Rd7 f3+ 56. Kf1 Bc5 57. Nf7 Rh5 0-1

[Event "1000GM Spring Break Schev-D 2024"]
[Site "San Jose"]
[Date "2024.04.03"]
[Round "3.3"]
[White "Gongora Montes, Benjamin"]
[Black "Stevens, Adam B"]
[Result "1-0"]
[ECO "D05"]
[WhiteElo "2092"]
[BlackElo "1941"]
[Annotator "RC"]
[PlyCount "63"]
[EventDate "2024.03.28"]
[EventType "schev"]
[EventCountry "USA"]
[SourceTitle "playchess.com"]
[Source "ChessBase"]
[SourceQuality "1"]
[TimeControl "5400+30"]

1. d4 Nf6 2. Nf3 d5 3. e3 c5 4. c3 e6 5. Bd3 Nc6 6. Nbd2 Be7 7. O-O O-O 8. Ne5 Nxe5 9. dxe5 Nd7 10. f4 f5 11. exf6 Nxf6 12. e4 Qb6 13. c4 dxe4 14. Nxe4 Rd8 15. Qe2 g6 16. Ng5 Bf8 17. b3 Qd6 18. Rd1 Bg7 19. Bb2 Qxf4 20. Nxe6 Bxe6 21. Qxe6+ Kh8 22. Qe7 b6 23. Bxg6 Rxd1+ 24. Rxd1 hxg6 25. Rf1 Qe4 26. Bxf6 Qxe7 27. Bxe7 Bd4+ 28. Kh1 Kg7 29. g4 Re8 30. Re1 Rh8 31. Kg2 Kf7 32. Bg5 1-0

[Event "1000GM Spring Break Schev-D 2024"]
[Site "San Jose"]
[Date "2024.04.03"]
[Round "3.4"]
[White "Varela Velazquez, Carlos Francisco"]
[Black "Jin, Austin"]
[Result "1-0"]
[ECO "A14"]
[WhiteElo "2084"]
[BlackElo "1966"]
[Annotator "RC"]
[PlyCount "49"]
[EventDate "2024.03.28"]
[EventType "schev"]
[EventCountry "USA"]
[SourceTitle "playchess.com"]
[Source "ChessBase"]
[SourceQuality "1"]
[TimeControl "5400+30"]

1. Nf3 d5 2. g3 Nf6 3. Bg2 e6 4. O-O Be7 5. c4 O-O 6. b3 c6 7. Bb2 b6 8. d3 Bb7 9. cxd5 Nxd5 10. Nbd2 Bf6 11. d4 Be7 12. Rc1 Nd7 13. a3 c5 14. dxc5 Nxc5 15. b4 Nd7 16. Nd4 Rc8 17. Nc4 a6 18. Nf5 exf5 19. Bxd5 Bxd5 20. Qxd5 Nf6 21. Qxf5 Qd5 22. Ne3 Qb7 23. Bxf6 gxf6 24. Nd5 Rcd8 25. e4 1-0

[Event "1000GM Spring Break Schev-D 2024"]
[Site "San Jose"]
[Date "2024.04.03"]
[Round "3.5"]
[White "Karthi, Jashith"]
[Black "Rodi, Luis Ernesto"]
[Result "1/2-1/2"]
[ECO "B06"]
[WhiteElo "2075"]
[BlackElo "2211"]
[Annotator "RC"]
[PlyCount "48"]
[EventDate "2024.03.28"]
[EventType "schev"]
[EventCountry "USA"]
[SourceTitle "playchess.com"]
[Source "ChessBase"]
[SourceQuality "1"]
[TimeControl "5400+30"]

1. d4 d6 2. Nf3 g6 3. e4 Bg7 4. Bc4 Nf6 5. Qe2 c6 6. e5 dxe5 7. dxe5 Nd5 8. O-O Qc7 9. h3 Be6 10. Re1 Nd7 11. a4 O-O 12. Nbd2 Nf4 13. Qe4 Bxc4 14. Nxc4 Ne6 15. Ng5 Nxg5 16. Bxg5 Nb6 17. Nxb6 axb6 18. Bf4 Qd7 19. Rad1 Qe6 20. b3 Rfd8 21. Be3 Bxe5 22. Rxd8+ Rxd8 23. Bxb6 Rd1 24. Qe2 Rxe1+ 1/2-1/2

[Event "1000GM Spring Break Schev-D 2024"]
[Site "San Jose"]
[Date "2024.04.04"]
[Round "4.1"]
[White "Solis Castro, Angel Alejan"]
[Black "Zhuge, Katherine"]
[Result "1-0"]
[ECO "A05"]
[WhiteElo "2066"]
[BlackElo "1778"]
[Annotator "RC"]
[PlyCount "67"]
[EventDate "2024.03.28"]
[EventType "schev"]
[EventCountry "USA"]
[SourceTitle "playchess.com"]
[Source "ChessBase"]
[SourceQuality "1"]
[TimeControl "5400+30"]

1. Nf3 d5 2. g3 Nf6 3. Bg2 e6 4. O-O Be7 5. d3 O-O 6. Nbd2 b6 7. b3 Bb7 8. Bb2 c5 9. e3 Nc6 10. a3 Rc8 11. c4 Qc7 12. Rc1 Qb8 13. Qc2 Rfd8 14. Qb1 Qa8 15. cxd5 Nxd5 16. Ne4 f5 17. Ned2 Nf6 18. Rfd1 Rd7 19. Bf1 Rcd8 20. Ng5 e5 21. d4 e4 22. dxc5 Rxd2 23. Bc4+ R2d5 24. Bxf6 Bxf6 25. Rxd5 Rxd5 26. Bxd5+ Kf8 27. Nxh7+ Ke7 28. Nxf6 gxf6 29. cxb6 axb6 30. Qc2 Qxa3 31. Bxc6 Bxc6 32. Qxc6 Qxb3 33. Qb7+ Kf8 34. Rc8# 1-0

[Event "1000GM Spring Break Schev-D 2024"]
[Site "San Jose"]
[Date "2024.04.04"]
[Round "4.3"]
[White "Stevens, Adam B"]
[Black "Varela Velazquez, Carlos Francisco"]
[Result "0-1"]
[ECO "E15"]
[WhiteElo "1941"]
[BlackElo "2084"]
[Annotator "RC"]
[PlyCount "46"]
[EventDate "2024.03.28"]
[EventType "schev"]
[EventCountry "USA"]
[SourceTitle "playchess.com"]
[Source "ChessBase"]
[SourceQuality "1"]
[TimeControl "5400+30"]

1. d4 Nf6 2. c4 e6 3. Nf3 b6 4. g3 Ba6 5. b3 Bb4+ 6. Bd2 Be7 7. Nc3 d5 8. cxd5 exd5 9. Bg2 O-O 10. O-O Bb7 11. Bf4 a6 12. Ne5 Nbd7 13. Rc1 Re8 14. Nxd7 Qxd7 15. Bxc7 Qxc7 16. Nxd5 Qb8 17. Nc7 Bxg2 18. Kxg2 Rd8 19. Nxa8 Qxa8+ 20. Kg1 h5 21. h4 Ng4 22. Qd3 Bf6 23. e3 Ne5 0-1

[Event "1000GM Spring Break Schev-D 2024"]
[Site "San Jose"]
[Date "2024.04.04"]
[Round "4.4"]
[White "Jin, Austin"]
[Black "Rodi, Luis Ernesto"]
[Result "0-1"]
[ECO "C54"]
[WhiteElo "1966"]
[BlackElo "2211"]
[Annotator "RC"]
[PlyCount "84"]
[EventDate "2024.03.28"]
[EventType "schev"]
[EventCountry "USA"]
[SourceTitle "playchess.com"]
[Source "ChessBase"]
[SourceQuality "1"]
[TimeControl "5400+30"]

1. e4 e5 2. Nf3 Nc6 3. Bc4 Bc5 4. d3 Nf6 5. O-O d6 6. c3 a6 7. Bb3 Ba7 8. Nbd2 h6 9. Re1 g5 10. Nf1 g4 11. N3d2 Nh5 12. Nc4 Qf6 13. Be3 Nf4 14. Bxa7 Nxa7 15. Nce3 Nc6 16. Ng3 Bd7 17. Nd5 Nxd5 18. exd5 Ne7 19. d4 Ng6 20. dxe5 Nxe5 21. Qd4 b6 22. a4 a5 23. Ne4 Qg7 24. Kh1 f5 25. Nd2 O-O 26. Nc4 Ng6 27. Qxg7+ Kxg7 28. g3 h5 29. Bc2 Rfe8 30. Kg1 Kf6 31. f3 gxf3 32. Kf2 f4 33. Kxf3 Bg4+ 34. Kf2 Bf5 35. Bxf5 Kxf5 36. Kf3 fxg3 37. hxg3 Kg5 38. Rad1 Rf8+ 39. Kg2 h4 40. Rd3 h3+ 41. Kg1 Rf5 42. Rf1 h2+ 0-1

[Event "1000GM Spring Break Schev-D 2024"]
[Site "San Jose"]
[Date "2024.04.04"]
[Round "4.5"]
[White "Dominguez Aguilar, Guillermo"]
[Black "Karthi, Jashith"]
[Result "1/2-1/2"]
[ECO "A21"]
[WhiteElo "2285"]
[BlackElo "2075"]
[Annotator "RC"]
[PlyCount "68"]
[EventDate "2024.03.28"]
[EventType "schev"]
[EventCountry "USA"]
[SourceTitle "playchess.com"]
[Source "ChessBase"]
[SourceQuality "1"]
[TimeControl "5400+30"]

1. c4 e5 2. Nc3 Bb4 3. Nd5 Be7 4. g3 c6 5. Nxe7 Nxe7 6. Bg2 d5 7. b3 dxc4 8. Bb2 cxb3 9. Bxe5 bxa2 10. Bxg7 Rg8 11. Bc3 Be6 12. Qc2 Qb6 13. Nf3 c5 14. O-O Nd7 15. Rxa2 Bxa2 16. Qxa2 Nc6 17. Nh4 Qc7 18. Nf5 Rg6 19. Rb1 Nb6 20. Qa3 O-O-O 21. Qxc5 Na4 22. Qa3 Nxc3 23. dxc3 Kb8 24. Nd4 Nxd4 25. Rxb7+ Qxb7 26. Bxb7 Nxe2+ 27. Kf1 Nxg3+ 28. hxg3 Kxb7 29. Qe7+ Kc8 30. Qxa7 Rd7 31. Qa8+ Kc7 32. Qe4 Rc6 33. Kg2 Kb7 34. Qb4+ Kc8 1/2-1/2

[Event "1000GM Spring Break Schev-D 2024"]
[Site "San Jose"]
[Date "2024.04.04"]
[Round "5.1"]
[White "Zhuge, Katherine"]
[Black "Gongora Montes, Benjamin"]
[Result "1/2-1/2"]
[ECO "C01"]
[WhiteElo "1778"]
[BlackElo "2092"]
[Annotator "RC"]
[PlyCount "58"]
[EventDate "2024.03.28"]
[EventType "schev"]
[EventCountry "USA"]
[SourceTitle "playchess.com"]
[Source "ChessBase"]
[SourceQuality "1"]
[TimeControl "5400+30"]

1. e4 e6 2. d4 d5 3. exd5 exd5 4. Nf3 Bd6 5. Bd3 Nc6 6. O-O Bg4 7. Re1+ Nge7 8. c3 Qd7 9. Nbd2 h5 10. b4 h4 11. b5 Na5 12. Qa4 b6 13. Ba3 f6 14. Bxd6 Qxd6 15. Re3 Kf7 16. Rae1 Rae8 17. Qc2 g5 18. Bg6+ Nxg6 19. Rxe8 Rxe8 20. Rxe8 Kxe8 21. Qxg6+ Kd7 22. h3 Bxf3 23. Nxf3 Qe6 24. Nh2 Nc4 25. Ng4 Ke7 26. Qg7+ Qf7 27. Qh8 Qe6 28. Qg7+ Qf7 29. Qh8 Qe6 1/2-1/2

[Event "1000GM Spring Break Schev-D 2024"]
[Site "San Jose"]
[Date "2024.04.04"]
[Round "5.4"]
[White "Jin, Austin"]
[Black "Dominguez Aguilar, Guillermo"]
[Result "1/2-1/2"]
[ECO "B22"]
[WhiteElo "1966"]
[BlackElo "2285"]
[Annotator "RC"]
[PlyCount "136"]
[EventDate "2024.03.28"]
[EventType "schev"]
[EventCountry "USA"]
[SourceTitle "playchess.com"]
[Source "ChessBase"]
[SourceQuality "1"]
[TimeControl "5400+30"]

1. e4 c5 2. c3 Nf6 3. e5 Nd5 4. d4 cxd4 5. Nf3 Nc6 6. cxd4 d6 7. Bc4 Nb6 8. Bb5 Bd7 9. Nc3 dxe5 10. dxe5 a6 11. Bd3 Bg4 12. Bf4 e6 13. h3 Bh5 14. g4 Bg6 15. Bxg6 hxg6 16. Qb3 Qd3 17. Be3 Nb4 18. Nd4 Qc4 19. O-O-O Rc8 20. Kb1 N6d5 21. Nxd5 Qxd5 22. Qxd5 Nxd5 23. Bc1 Rc4 24. f3 Bc5 25. Nc2 Bf2 26. Rd3 b5 27. Ne3 Bxe3 28. Bxe3 Ke7 29. Bd2 Rhc8 30. Rd1 b4 31. Bg5+ Ke8 32. Rd4 Rxd4 33. Rxd4 Kd7 34. Bd2 a5 35. f4 Rh8 36. Rd3 Kc6 37. a3 Kb5 38. axb4 Kc4 39. Kc2 axb4 40. b3+ Kc5 41. Kb2 Kc6 42. Kc2 Kb5 43. Kb2 Ra8 44. Rd4 Ra7 45. Rd3 Kc5 46. Kb1 Ra8 47. Kb2 f6 48. exf6 gxf6 49. Be3+ Kc6 50. Bd2 Rh8 51. Rd4 Rxh3 52. Bxb4 Rh4 53. Re4 Kd7 54. Bd2 Rxg4 55. Ra4 e5 56. fxe5 Rxa4 57. bxa4 fxe5 58. a5 Nc7 59. Kc2 Kc6 60. Kd3 Kd5 61. Bg5 Na6 62. Ke3 Ke6 63. Bd8 Kf5 64. Be7 g5 65. Kf3 e4+ 66. Ke3 g4 67. Bd6 Ke6 68. Kxe4 Kxd6 1/2-1/2

[Event "1000GM Spring Break Schev-D 2024"]
[Site "San Jose"]
[Date "2024.04.04"]
[Round "5.5"]
[White "Karthi, Jashith"]
[Black "Solis Castro, Angel Alejan"]
[Result "1/2-1/2"]
[ECO "A70"]
[WhiteElo "2075"]
[BlackElo "2066"]
[Annotator "RC"]
[PlyCount "107"]
[EventDate "2024.03.28"]
[EventType "schev"]
[EventCountry "USA"]
[SourceTitle "playchess.com"]
[Source "ChessBase"]
[SourceQuality "1"]
[TimeControl "5400+30"]

1. d4 Nf6 2. c4 e6 3. Nf3 c5 4. d5 exd5 5. cxd5 d6 6. Nc3 g6 7. h3 Bg7 8. e4 O-O 9. Be3 Re8 10. Nd2 b6 11. Be2 Ba6 12. Bxa6 Nxa6 13. O-O Nc7 14. a4 a6 15. Bf4 Rb8 16. f3 Nh5 17. Bh2 b5 18. axb5 axb5 19. f4 c4 20. Qf3 Rc8 21. e5 dxe5 22. fxe5 Bxe5 23. Qxf7+ Kh8 24. Bxe5+ Rxe5 25. Rae1 Rxe1 26. Rxe1 b4 27. Re7 Qg8 28. Rxc7 Qxf7 29. Rxf7 bxc3 30. bxc3 Rd8 31. Nxc4 Rxd5 32. Rc7 Nf4 33. Ne3 Rd3 34. Ng4 Rxc3 35. Rf7 Nxh3+ 36. gxh3 Rxh3 37. Kg2 Rh4 38. Kg3 Rh1 39. Ra7 Rg1+ 40. Kf4 Rf1+ 41. Kg3 Rg1+ 42. Kf3 Rf1+ 43. Nf2 Rb1 44. Ne4 Rf1+ 45. Ke3 Kg8 46. Kd4 Rf7 47. Ra8+ Rf8 48. Ra6 Kg7 49. Ke3 Rf5 50. Nd6 Rf8 51. Ne4 Rf5 52. Ra2 h5 53. Rb2 h4 54. Rh2 1/2-1/2